 Dungeon Crawl Stone Soup version 0.31-a0-188-g5e087ee2ca (webtiles) character file.

Game seed: 10181489253954953392

226 TrayleKats the Grasshopper (level 6, 0/56 HPs)
             Began as a Naga Warper on June 23, 2023.
             Was an Initiate of Cheibriados.
             Slain by a wyvern (7 damage)
             ... on level 5 of the Dungeon.
             The game lasted 00:05:15 (4075 turns).

TrayleKats the Grasshopper (Naga Warper)            Turns: 4075, Time: 00:05:16

Health: 0/56       AC:  9    Str: 14    XL:     6   Next: 1%
Magic:  9/9        EV:  5    Int: 16    God:    Cheibriados [......]
Gold:   221        SH:  0    Dex: 12    Spells: 5/10 levels left

rFire   . . .        u - +10 scimitar of Melee {heavy, rCorr SInv}
rCold   . . .        (no shield)
rNeg    . . .        r - +0 chain mail
rPois   +            (no helmet)
rElec   .            (no cloak)
rCorr   +            n - +2 pair of gloves
SInv    +            (no barding)
Will    .....        (no amulet) Stlth
                     (no ring)
HPRegen 0.29/turn    (no ring)
MPRegen 0.11/turn

%: no passive effects
@: very slow
A: AC +2, large, see invisible, deformed body, poison resistance, slowness 2,
spit poison 1, naga tail 1
a: Spit Poison, Renounce Religion


You were on level 5 of the Dungeon.
You worshipped Cheibriados.
Cheibriados was noncommittal.
You visited 2 branches of the dungeon, and saw 6 of its levels.

You collected 221 gold pieces.

Inventory:

Hand Weapons
 a - a +0 spear
 u - the +10 scimitar of Melee (weapon) {heavy, rCorr SInv}
   (You found it on level 4 of the Dungeon)

   SInv:      It lets you see invisible.
   rCorr:     It protects you from acid and corrosion.
Missiles
 d - 7 boomerangs of dispersal
 g - 7 poisoned darts
Armour
 b - a +0 leather armour
 n - a +2 pair of gloves (worn)
 r - a +0 chain mail (worn)
Jewellery
 m - a ring of protection from fire
Scrolls
 c - 2 scrolls of blinking
 f - 6 scrolls of identify {unknown}
 i - 2 scrolls of fear {unknown}
 j - 2 scrolls of poison {unknown}
 k - 3 scrolls of teleportation {unknown}
 q - a scroll of fog {unknown}
 s - a scroll of silence {unknown}
 v - a scroll of vulnerability {unknown}
Potions
 e - a potion of haste
 h - a potion of attraction {unknown}
 l - a potion of curing
 o - a potion of might {unknown}
 p - a potion of brilliance {unknown}
 t - a potion of mutation {unknown}
 w - a potion of lignification {unknown}


   Skills:
 + Level 3.1 Fighting
 - Level 2.9 Polearms
 + Level 2.1 Throwing
 + Level 1.6 Armour
 + Level 2.2 Dodging
 + Level 2.5 Spellcasting
 + Level 3.6 Translocations


You had 5 spell levels left.
You knew the following spells:

 Your Spells              Type           Power      Damage    Failure   Level
a - Apportation           Tloc           26%        N/A       58%         1
b - Blink                 Tloc           26%        N/A       75%         2
c - Lesser Beckoning      Tloc           26%        N/A       75%         2

Your spell library contained the following spells:

 Spells                   Type           Power      Damage    Failure   Level
 Teleport Other           Tloc           13%        N/A       92%         3
 Beastly Appendage        Tmut           4%         N/A       98%         1
 Wereblood                Tmut           2%         N/A       99%         2
 Vhi's Electric Charge    Tloc/Air       14%        N/A       99%         3
 Spider Form              Tmut/Pois      2%         N/A       100%        3
 Manifold Assault         Tloc           13%        N/A       100%        4
 Alistair's Intoxication  Tmut/Pois      1%         N/A       100%        5
 Simulacrum               Ice/Necr       1%         N/A       100%        6
 Ozocubu's Refrigeration  Ice            1%         4d7       100%        7
 Polar Vortex             Ice            1%         N/A       100%        9


Dungeon Overview and Level Annotations

Branches:
Dungeon (5/15)             Temple (1/1) D:4

Altars:
Ashenzari
Cheibriados
Dithmenos
Elyvilon
Gozag
Hepliaklqana
Kikubaaqudgha
Makhleb
Okawaru
Qazlal
Ru
Trog
Uskayaw
Wu Jian
Xom
Yredelemnul
Zin
The Shining One

Shops:
D:4 *


Innate Abilities, Weirdness & Mutations

Your serpentine skin is tough. (AC +2)
You have supernaturally acute eyesight. (SInv)
Armour fits poorly on your strangely shaped body.
Your system is resistant to poisons. (rPois)
You cover ground very slowly.
You can spit poison.
You have a snake-like lower body.


Message History

You now have 221 gold pieces (gained 2).
You see here a ball python corpse.
You see here a ball python corpse.
Found a stone staircase leading up.
f - 6 scrolls labelled JINALOM JUAHA (gained 1)
You open the door.
There is an open door here.
There is an open door here.
There is a stone staircase leading up here.
Done exploring.
Done exploring.
Done exploring.
Done exploring.
There is a stone staircase leading down here.
You climb downwards.
The wyvern hisses angrily.
There is a stone staircase leading up here.
The splash of poison hits the wyvern.
The wyvern is lightly wounded.
The wyvern barely misses you.
You hit the wyvern.
The wyvern is moderately wounded.
The wyvern bites you.
The wyvern bites you but does no damage. x2
You hit the wyvern but do no damage.
The wyvern is moderately wounded.
You have got your breath back.
The wyvern bites you! x3
You are too injured to fight recklessly!
It was a potion of curing.
You feel better. The wyvern bites you. The wyvern bites you!
You hit the wyvern.
The wyvern is heavily wounded.
The wyvern bites you. The wyvern bites you!
* * * LOW HITPOINT WARNING * * *
The wyvern barely misses you.
You barely miss the wyvern.
The wyvern is heavily wounded.
The wyvern bites you!
You die... ######### ......l@# #########

You could see a wyvern.

Vanquished Creatures
  An orc priest (D:3)
  An orc wizard (D:3)
  5 adders
  2 worms (D:2)
  2 dart slugs
  5 orcs
  8 bats
  7 endoplasms
  14 giant cockroaches
  6 goblins
  11 hobgoblins
  4 jackals (D:4)
  9 kobolds
  8 quokkas
  6 ball pythons
  3 frilled lizards
  11 rats
103 creatures vanquished.

Notes
Turn   | Place    | Note
-------+----------+-------------------------------------------
     0 | D:1      | TrayleKats the Naga Warper began the quest for the Orb.
     0 | D:1      | Reached XP level 1. HP: 19/19 MP: 3/3
    51 | D:1      | Reached skill level 1 in Throwing
    70 | D:1      | Reached XP level 2. HP: 14/26 MP: 5/5
   453 | D:1      | Reached skill level 1 in Armour
   498 | D:1      | Reached XP level 3. HP: 22/33 MP: 6/6
  1507 | D:2      | Reached XP level 4. HP: 36/40 MP: 7/7
  1874 | D:3      | Reached XP level 5. HP: 35/46 MP: 8/8
  2828 | D:4      | Learned a level 1 spell: Apportation
  2831 | D:4      | Learned a level 2 spell: Blink
  2834 | D:4      | Learned a level 2 spell: Lesser Beckoning
  2861 | D:4      | Found a white marble altar of Elyvilon.
  2911 | D:4      | Identified the +10 scimitar of Melee {heavy, rCorr SInv}
  2913 | D:4      | Found an opulent altar of Gozag.
  3215 | D:4      | Found a staircase to the Ecumenical Temple.
  3248 | D:4      | Found Cakk's Fire Supplies.
  3272 | Temple   | Entered the Ecumenical Temple
  3398 | D:4      | Found a glowing drain.
  3554 | D:4      | Reached XP level 6. HP: 56/56 MP: 9/9
  3712 | D:4      | Found a snail-covered altar of Cheibriados.
  3716 | D:4      | Found a basalt altar of Yredelemnul.
  3853 | D:4      | Became a worshipper of Cheibriados the Contemplative
  4069 | D:5      | Entered Level 5 of the Dungeon
  4069 | D:5      | Noticed a wyvern
  4075 | D:5      | Slain by a wyvern

Illustrated notes

Levels and vault maps discovered:
D:1:      lemuel_arrival_funnel, layout_rooms, minmay_tetromino_s2
D:2:      minmay_roachtagon, layout_loops_cross, roderic_nine_men_s_morris,
          chequers_serial_rivers_micro_c
D:3:      layout_basic, kennysheep_generic_room_8
D:4:      layout_layer_cave, mainiacjoe_overflow_24_doors, minitemple,
          minmay_temple_entry_stoned_glass, gup_sewer_entry_pipe,
          dk_noncrumbling_3, minmay_stone_trees_large, nicolae_shop_fire_sale
          [nicolae_sub_dead_trees]
D:5:      layout_basic, mainiacjoe_overflow_brackets
Temple:   zaba_magenta_temple

Skill      XL: |  1  2  3  4  5 |
---------------+----------------+-----
Throwing       | 1 2 |  2.1
Armour         | 1 |  1.6
Dodging        | 2 |  2.2
Fighting       | 3 |  3.1
Polearms       | |  2.9
Spellcasting   | |  2.5
Translocations | |  3.6

Action                     |  1- 3 |  4- 6 || total
---------------------------+-------+-------++-------
  Melee: Spear             |   142 |   178 ||   320
         Scimitar          |       |    26 ||    26
         Punch             |       |     1 ||     1
Ability: Spit Poison       |    18 |    22 ||    40
    Use: Scroll            |       |     1 ||     1
         Potion            |       |     1 ||     1
 Armour: Leather armour    |    35 |    89 ||   124
         Chain mail        |       |    50 ||    50
  Dodge: Dodged            |    60 |   131 ||   191

Table legend: (Time is in decaauts)
 A = Elapsed time spent in this place.
 B = Non-inter-level travel time spent in this place.
 C = Inter-level travel time spent in this place.
 D = Time resting spent in this place.
 E = Time spent auto-exploring this place.
 F = Levels seen in this place.
 G = Mean time per level.
                   A        B        C        D        E       F      G
               +--------+--------+--------+--------+--------+-----+--------+
         Total |   5210 |   4932 |    278 |    684 |   3369 |   6 |  868.3 |
       Dungeon |   5083 |   4816 |    267 |    684 |   3299 |   5 | 1016.6 |
        Temple |    127 |    116 |     11 |      0 |     70 |   1 |  127.0 |
               +--------+--------+--------+--------+--------+-----+--------+

Top non-repeatable levels by time:
     D:4: 1659 daAuts
     D:3: 1140 daAuts
     D:1: 1137 daAuts
     D:2: 1137 daAuts
  Temple: 127 daAuts
     D:5: 9 daAuts
